 Dungeon Crawl Stone Soup version 0.30.0-29-ga12c61a403 (webtiles) character file.

Game seed: 6410233432041850942

1371 seaoflcl the Chopper (level 8, -1/70 HPs)
             Began as a Minotaur Fighter on June 10, 2023.
             Slain by a yak (8 damage)
             ... on level 5 of the Dungeon.
             The game lasted 00:05:58 (4661 turns).

seaoflcl the Chopper (Minotaur Fighter)             Turns: 4661, Time: 00:05:59

Health: -1/70      AC: 13    Str: 23    XL:     8   Next: 38%
Magic:  7/7        EV:  8    Int:  5    God:
Gold:   268        SH: 13    Dex: 10    Spells: 7/7 levels left

rFire   . . .        y - +3 scimitar (freeze)
rCold   + . .        D - +0 tower shield
rNeg    . . .        A - +4 ring mail of Past Mistakes {Rampage rC+ Will-}
rPois   .            (helmet restricted)
rElec   .            b - +0 cloak
rCorr   .            (no gloves)
SInv    .            C - +0 pair of boots
Will    .....        (no amulet) Stlth
                     (no ring)
HPRegen 0.31/turn    (no ring)
MPRegen 0.10/turn

%: rampage
@: no status effects
A: horns 2, retaliatory headbutt
a: no special abilities


You were on level 5 of the Dungeon.
You visited 1 branch of the dungeon, and saw 6 of its levels.

You collected 268 gold pieces.

Inventory:

Hand Weapons
 a - a +0 war axe
 y - a +3 scimitar of freezing (weapon)
Missiles
 x - a throwing net
Armour
 b - a +0 cloak (worn)
 A - the +4 ring mail of Past Mistakes (worn) {Rampage rC+ Will-}
   (You found it on level 5 of the Dungeon)

   rC:        It protects you from cold.
   Rampage:   It bestows one free step when moving towards enemies.
   Will:      It decreases your willpower.
 C - a +0 pair of boots (worn)
 D - a +0 tower shield (worn)
Jewellery
 e - an amulet of faith
Wands
 o - a wand of iceblast (4)
 t - a wand of flame (12) (quivered)
 v - a wand of charming (2)
Scrolls
 g - 2 scrolls of amnesia {unknown}
 k - 4 scrolls of identify {unknown}
 m - a scroll of teleportation {unknown}
 n - a scroll of enchant armour {unknown}
 p - 3 scrolls of vulnerability {unknown}
 s - a scroll of magic mapping {unknown}
 u - a scroll of enchant weapon {unknown}
Potions
 d - a potion of might
 f - 2 potions of cancellation {unknown}
 h - 4 potions of curing {unknown}
 i - a potion of ambrosia {unknown}
 j - a potion of mutation {unknown}
 l - 2 potions of haste {unknown}
 q - a potion of brilliance {unknown}
 r - a potion of resistance {unknown}
 w - a potion of heal wounds {unknown}
 z - a potion of degeneration {unknown}
 B - a potion of attraction {unknown}


   Skills:
 + Level 6.3 Fighting
 * Level 3.6 Long Blades
 + Level 7.2 Axes
 + Level 2.2 Throwing
 + Level 6.3 Armour
 + Level 6.3 Shields


You had 7 spell levels left.
You didn't know any spells.
Your spell library contained the following spells:

 Spells                   Type           Power      Damage    Failure   Level
 Sandblast                Erth           0%         2d4       98%         1
 Slow                     Hex            0%         N/A       98%         1
 Passwall                 Tmut/Erth      0%         N/A       99%         2
 Confusing Touch          Hex            0%         N/A       100%        3
 Stone Arrow              Conj/Erth      0%         3d7       100%        3
 Vampiric Draining        Necr           0%         2d6       100%        3


Dungeon Overview and Level Annotations

Branches:
Dungeon (6/15)
 Temple: D:4-7

Altars:
Elyvilon

Annotations:
D:6 Eustachio


Innate Abilities, Weirdness & Mutations

You have a pair of horns on your head.
You reflexively headbutt those who attack you in melee.


Message History

The yak is almost dead.
The yak misses you.
You closely miss the yak. You headbutt the yak!
You kill the yak!
You hit the yak. You freeze the yak.
The yak is lightly wounded.
The yak gores you but does no damage.
You slash the yak! You freeze the yak. Your headbutt misses the yak.
The yak is heavily wounded.
You block the yak's attack.
You hit the yak. You freeze the yak. You headbutt the yak, but do no damage.
The yak is heavily wounded.
You hit the yak. You freeze the yak.
The yak is lightly wounded.
The yak barely misses you. The yak gores you but does no damage.
You hit the yak. You freeze the yak.
The yak is moderately wounded.
You block the yak's attack. The yak closely misses you. The yak gores you!
The yak gores you.
You hit the yak but do no damage.
The yak is moderately wounded.
You block the yak's attack. The yak gores you but does no damage.
You hit the yak but do no damage. You headbutt the yak.
The yak is heavily wounded.
The yak closely misses you. You block the yak's attack. The yak gores you. x2
* * * LOW HITPOINT WARNING * * *
Unknown command.
You closely miss the yak. Your headbutt misses the yak.
The yak is heavily wounded.
You block the yak's attack. The yak gores you!
* * * LOW HITPOINT WARNING * * *
You completely miss the yak.
The yak is heavily wounded.
The yak gores you.
* * * LOW HITPOINT WARNING * * *
You block the yak's attack. The yak gores you.
* * * LOW HITPOINT WARNING * * *
The yak gores you!
You die...

###....#...................... ..
.............................# ..
...................#.##......# ..
...................####.....##
..####.......[.........##......#
...##..................#.....###
...###...................#####
...##....................#
.........##.###Y@..[.....#
...###....####.Y.........#
...###.#..#.............####
....####.......##..........#
#.#..# ###..#####..........#
###..###.#..### #..........# #
#...#.....#.# #................
#...........##..#...#..........
####.....#...[...##..##..........


You could see 2 yaks.

Vanquished Creatures
  A yak (D:5)
  A water moccasin (D:6)
  A phantom (D:6)
  2 bullfrogs (D:6)
  A gnoll sergeant (D:6)
  A scorpion (D:4)
  A wight (D:5)
  3 hounds
  A jelly (D:6)
  3 sleepcaps
  Ijyb (D:4)
  4 iguanas
  16 gnolls
  9 adders
  An ufetubus (D:4)
  5 worms
  3 dart slugs
  3 orcs
  7 ball pythons
  8 endoplasms
  3 giant cockroaches (D:1)
  6 goblins
  8 hobgoblins
  4 jackals (D:2)
  4 kobolds
  3 quokkas
  3 bats (D:1)
  6 frilled lizards
  22 rats
131 creatures vanquished.

Vanquished Creatures (collateral kills)
  A wight (D:5)
  An iguana (D:5)
  An ufetubus (D:5)
  A worm (D:5)
4 creatures vanquished.

Grand Total: 135 creatures vanquished

Notes
Turn   | Place    | Note
-------+----------+-------------------------------------------
     0 | D:1      | seaoflcl the Minotaur Fighter began the quest for the Orb.
     0 | D:1      | Reached XP level 1. HP: 19/19 MP: 0/0
   158 | D:1      | Reached XP level 2. HP: 25/27 MP: 1/1
   198 | D:1      | Reached skill level 3 in Axes
   294 | D:1      | Reached XP level 3. HP: 29/33 MP: 2/2
  1129 | D:2      | Reached XP level 4. HP: 25/40 MP: 3/3
  1172 | D:2      | Reached skill level 4 in Axes
  1940 | D:3      | Reached XP level 5. HP: 47/47 MP: 4/4
  1953 | D:3      | Found a faded altar of an unknown god.
  2698 | D:4      | Reached skill level 5 in Axes
  2936 | D:4      | Noticed Ijyb
  2961 | D:4      | Reached skill level 5 in Armour
  2961 | D:4      | Reached skill level 5 in Shields
  2961 | D:4      | Reached XP level 6. HP: 38/55 MP: 5/5
  2964 | D:4      | Killed Ijyb
  2965 | D:4      | Reached skill level 5 in Fighting
  3854 | D:5      | Entered Level 5 of the Dungeon
  3890 | D:5      | Reached skill level 6 in Axes
  3890 | D:5      | Reached XP level 7. HP: 54/61 MP: 6/6
  4162 | D:5      | Identified the +4 ring mail of Past Mistakes {Rampage rC+
                  | Will-}
  4223 | D:5      | Noticed a yak
  4224 | D:5      | Noticed a yak
  4224 | D:5      | Noticed a yak
  4248 | D:6      | Reached skill level 1 in Throwing
  4252 | D:6      | Reached skill level 1 in Long Blades
  4445 | D:6      | Found a white marble altar of Elyvilon.
  4529 | D:6      | Reached XP level 8. HP: 41/70 MP: 7/7
  4548 | D:6      | Reached skill level 7 in Axes
  4626 | D:6      | Noticed Eustachio
  4661 | D:5      | Slain by a yak

Illustrated notes

Levels and vault maps discovered:
D:1:      dpeg_arrival_leaves_temple_mockup, layout_loops_ring, serial_aquarium,
          aquarium_bridge_long_separate [aquarium_subvault_bridge,
          aquarium_subvault_window, aquarium_subvault_window,
          aquarium_subvault_bridge, aquarium_subvault_bridge,
          aquarium_subvault_balcony], aquarium_bridge_straight
          [aquarium_subvault_bridge, aquarium_subvault_window,
          aquarium_subvault_bridge, aquarium_subvault_wall],
          aquarium_window_fake, aquarium_window_1, aquarium_window_double,
          aquarium_window_2, aquarium_view_2c, aquarium_pool_2
D:2:      layout_basic
D:3:      layout_basic, chequers_ecumenical_altar_simple_redux
D:4:      layout_cave_pods, serial_bayou_pond_d, st_stairs_14, minmay_rat_hole,
          uniq_ijyb
D:5:      layout_cave_pools
D:6:      layout_rooms, mainiacjoe_overflow_large_starburst, uniq_eustachio

Skill      XL: |  1  2  3  4  5  6  7  8 |
---------------+-------------------------+-----
Axes           | 3 4 5 6 7 |  7.2
Fighting       | 4 5 6 |  6.3
Armour         | 4 5 6 |  6.3
Shields        | 4 5 6 |  6.3
Throwing       | 1 2 |  2.2
Long Blades    | 2 3 |  3.6

Action                     |  1- 3 |  4- 6 |  7- 9 || total
---------------------------+-------+-------+-------++-------
  Melee: War axe           |    65 |   173 |    17 ||   255
         Headbutt          |    11 |    23 |    16 ||    50
         Scimitar          |       |       |    67 ||    67
  Evoke: Wand              |       |       |     5 ||     5
 Armour: Scale mail        |    29 |    62 |     7 ||    98
         Ring mail         |       |       |    52 ||    52
  Dodge: Dodged            |    44 |    82 |    53 ||   179
  Block: Buckler           |    21 |    37 |     8 ||    66
         Tower shield      |       |       |    71 ||    71
